 Dungeon Crawl Stone Soup version 0.28-a0-1286-g6bde065e89 (webtiles) character file.

Game seed: 8264622842835650939

59 bearlyready the Chucker (level 3, 0/33 HPs)
             Began as a Minotaur Hunter on Dec 26, 2021.
             Slain by a goblin (3 damage)
             ... led by Robin
             ... on level 2 of the Dungeon.
             The game lasted 00:01:28 (1081 turns).

bearlyready the Chucker (Minotaur Hunter)           Turns: 1081, Time: 00:01:29

Health: 0/33       AC:  3    Str: 16    XL:     3   Next: 78%
Magic:  2/2        EV: 12    Int:  8    God:
Gold:   47         SH:  0    Dex: 12    Spells: 2/2 levels left

rFire   . . .      SeeInvis .   f - +0 short sword (speed)
rCold   . . .      Faith    .   (no shield)
rNeg    . . .      Spirit   .   b - +0 leather armour
rPois   .          Reflect  .   (helmet restricted)
rElec   .          Harm     .   (no cloak)
rCorr   .          Rampage  .   (no gloves)
Will    .....                   (no boots)
Stlth   +.........              (no amulet)
HPRegen 0.11/turn               (no ring)
MPRegen 0.08/turn               (no ring)

@: no status effects
A: horns 2, retaliatory headbutt
a: no special abilities


You were on level 2 of the Dungeon.
You visited 1 branch of the dungeon, and saw 2 of its levels.

You collected 47 gold pieces.

Inventory:

Hand Weapons
 a - a +0 short sword
 f - a +0 short sword of speed (weapon)
 i - a +0 hand axe
Missiles
 c - 6 javelins (quivered)
 d - 2 throwing nets
Armour
 b - a +0 leather armour (worn)
Jewellery
 k - a ring of flight
Scrolls
 e - a scroll of blinking {unknown}
 h - a scroll of silence {unknown}
 l - a scroll of teleportation {unknown}
 m - a scroll of identify {unknown}
Potions
 g - a potion of degeneration {unknown}
 j - a potion of flight {unknown}


   Skills:
 + Level 4.0 Fighting
 + Level 4.8 Throwing
 - Level 2.1 Dodging
 - Level 0.7 Stealth


You had 2 spell levels left.
You didn't know any spells.
Your spell library contained the following spells:

 Spells                   Type           Power      Damage    Failure   Level
 Blink                    Tloc           0%         N/A       63%         2
 Portal Projectile        Hex/Tloc       0%         N/A       85%         3
 Blade Hands              Tmut           0%         N/A       100%        5
 Excruciating Wounds      Necr           0%         N/A       100%        5
 Manifold Assault         Tloc           0%         N/A       100%        5
 Storm Form               Tmut/Air       0%         N/A       100%        7


Dungeon Overview and Level Annotations

Branches:
Dungeon (2/15)

Altars:

Annotations:
D:2 Robin


Innate Abilities, Weirdness & Mutations

You have a pair of horns on your head.
You reflexively headbutt those who attack you in melee.


Message History

The goblin is heavily wounded.
Robin roars a battlecry!
You hit the goblin.
You kill the goblin!
A goblin comes into view. It is wielding a +0 club.
You hit the hobgoblin.
The hobgoblin is severely wounded.
Robin throws the goblin at you! The goblin barely misses you.
The hobgoblin misses you. You furiously retaliate!
You headbutt the hobgoblin.
You kill the hobgoblin!
A goblin comes into view. It is wielding a +0 club.
A goblin comes into view. It is wielding a +0 dagger.
The goblin shouts!
Robin throws the goblin at you! The goblin hits you with a +0 dagger.
Things that are here:
a +0 dagger; a goblin corpse A giant cockroach comes into view.
Robin throws the goblin at you!
A hobgoblin comes into view.
The hobgoblin shouts!
You hit Robin.
Robin is lightly wounded.
The goblin completely misses you. You furiously retaliate!
You headbutt the goblin!
You kill the goblin!
Robin says, "My army is invincible!"
Robin throws the goblin at you!
You hit Robin.
Robin is heavily wounded.
The goblin barely misses you. You furiously retaliate!
You headbutt the goblin.
Robin hits you with a +5 falchion of electrocution.
You hit the goblin.
You kill the goblin!
You hit the goblin.
You kill the goblin!
Robin hits you with a +5 falchion of electrocution!
* * * LOW HITPOINT WARNING * * *
Your Fighting skill increases to level 4!
The goblin hits you with a +0 club.
You die...

##### ...#
########.############
#gg.@g)..............
#gBg#############......
....# ###.... ..# #....
. ###.. #######..
......... ####.#### #
#.


You could see Robin, a giant cockroach, a hobgoblin (strong) and 3 goblins.

Vanquished Creatures
  A gnoll (D:1)
  3 dart slugs (D:1)
  4 ball pythons
  5 endoplasms (D:1)
  8 goblins
  4 hobgoblins
  5 jackals (D:1)
  4 kobolds
  A bat (D:1)
  A frilled lizard (D:1)
  2 rats (D:1)
38 creatures vanquished.

Notes
Turn   | Place    | Note
-------+----------+-------------------------------------------
     0 | D:1      | bearlyready the Minotaur Hunter began the quest for the
                  | Orb.
     0 | D:1      | Reached XP level 1. HP: 18/18 MP: 0/0
    42 | D:1      | Reached XP level 2. HP: 17/26 MP: 1/1
   230 | D:1      | Found a faded altar of an unknown god.
   623 | D:1      | Reached XP level 3. HP: 29/31 MP: 2/2
  1064 | D:2      | Noticed Robin
  1081 | D:2      | Slain by a goblin

Illustrated notes

Levels and vault maps discovered:
D:1:      nzn_arrival_crosshair, layout_basic,
          ebering_ecumenical_altar_abandoned, minmay_tromino_i2
D:2:      layout_rooms, kennysheep_generic_room_13, uniq_robin

Skill      XL: |  1  2  3 |
---------------+----------+-----
Fighting       | 3 4 |  4.0
Throwing       | |  4.8
Dodging        | |  2.1
Stealth        | |  0.7

Action                   || total
-------------------------++-------
Melee: Short sword       ||    97
       Headbutt          ||    17
 Stab: Sleeping          ||     1
Armor: Leather armour    ||    20
Dodge: Dodged            ||    34

Table legend: (Time is in decaauts)
 A = Elapsed time spent in this place.
 B = Non-inter-level travel time spent in this place.
 C = Inter-level travel time spent in this place.
 D = Time resting spent in this place.
 E = Time spent auto-exploring this place.
 F = Levels seen in this place.
 G = Mean time per level.
                   A        B        C        D        E       F      G
               +--------+--------+--------+--------+--------+-----+--------+
         Total |   1057 |   1044 |     13 |     97 |    735 |   2 |  528.5 |
       Dungeon |   1057 |   1044 |     13 |     97 |    735 |   2 |  528.5 |
               +--------+--------+--------+--------+--------+-----+--------+

Top non-repeatable levels by time:
     D:1: 874 daAuts
     D:2: 183 daAuts
